 Dungeon Crawl Stone Soup version 0.31-a0-167-g1c394c0614 (webtiles) character file.

Game seed: 9064918379554668729

152 qw the Shooter (level 5, -4/32 HPs)
             Began as a Gargoyle Hunter on June 14, 2023.
             Slain by Grinder (5 damage)
             ... on level 3 of the Dungeon.
             The game lasted 00:01:05 (1722 turns).

qw the Shooter (Gargoyle Hunter)                    Turns: 1722, Time: 00:01:05

Health: -4/32      AC:  0    Str: 15    XL:     5   Next: 34%
Magic:  5/5        EV: 19    Int:  9    God:
Gold:   93         SH:  0    Dex: 20    Spells: 4/4 levels left

rFire   . . .        Y - melded +1 shortbow
rCold   . . .        (shield currently unavailable)
rNeg    + . .        i - melded +0 ring mail
rPois   inf          e - melded +0 helmet
rElec   .            (cloak currently unavailable)
rCorr   .            (gloves currently unavailable)
SInv    .            f - melded +0 pair of boots
Will    .....        (no amulet)
Stlth   ++           h - melded +4 ring of protection
HPRegen 0.25/turn    (ring currently unavailable)
MPRegen 0.09/turn

%: no passive effects
@: bat-form, flying, very quick
A: fast, flying, no casting, sickness immunity, AC +4, tiny, negative energy
resistance 1, (electricity resistance), torment resistance 1, petrification
resistance
a: no special abilities


You were on level 3 of the Dungeon.
You were a bat.
You visited 1 branch of the dungeon, and saw 3 of its levels.

You collected 93 gold pieces.


Innate Abilities, Weirdness & Mutations

You are a bat.
You are tiny and dextrous.
You move quickly.
You are flying.
Your equipment is almost entirely melded.
You are incapable of wielding weapons or throwing items.
You cannot cast spells.
You are immune to sickness and miasma.
((Your stone body is resilient. (AC +4)))
You are immune to poison.
You resist negative energy. (rN+)
((You are resistant to electric shocks. (rElec)))
You are resistant to unholy torment.
You are immune to petrification.


   Skills:
 - Level 3.4 Fighting
 + Level 5.8 Ranged Weapons
 - Level 1.0 Armour
 - Level 1.5 Dodging
 - Level 1.1 Stealth


You had 4 spell levels left.
You didn't know any spells.
Your spell library was empty.

Inventory:

Hand Weapons
 Y - a +1 shortbow (melded)
Armour
 e - a +0 helmet (melded)
 f - a +0 pair of boots (melded)
 i - a +0 ring mail (melded)
Jewellery
 h - a +4 ring of protection (melded)
Scrolls
 a - a scroll of identify
Potions
 b - a potion of brilliance {unknown}
 c - 2 potions of attraction {unknown}
 g - a potion of might {unknown}

Dungeon Overview and Level Annotations

Branches:
Dungeon (3/15)

Altars:
The Shining One

Annotations:
D:3 Grinder


Message History

The adder is almost dead.
The adder bites you. The endoplasm freezes you.
You are frozen.
Grinder gestures at you. Pain shoots through your body! The adder bites you.
You hit the adder.
You kill the adder!
The endoplasm hits you.
You hit the endoplasm but do no damage. The endoplasm misses you.
You hit Grinder but do no damage. Grinder barely misses you.
The endoplasm closely misses you.
You hit Grinder but do no damage. Grinder gestures at you.
You resist with significant effort. The endoplasm misses you.
You hit Grinder but do no damage. Grinder hits you. The endoplasm misses you.
You hit Grinder but do no damage. You hit Grinder.
Grinder is lightly wounded.
The endoplasm misses you. Grinder hits you.
You hit Grinder.
Grinder is lightly wounded.
The endoplasm barely misses you. Grinder misses you.
You hit Grinder.
Grinder is lightly wounded.
Grinder hits you. The endoplasm freezes you.
You are frozen.
You barely miss Grinder.
Grinder is lightly wounded.
The endoplasm misses you. Grinder closely misses you.
You hit Grinder but do no damage.
Grinder is lightly wounded.
The endoplasm barely misses you. Grinder barely misses you.
You barely miss Grinder.
Grinder is lightly wounded.
Grinder hits you.
You die...

#.# ##.##
##.#####.#
#........#
#...[......
#)######### #.#
#.#####.#######
#......5.%.[...
...####b#####..
#.......J.....#
#######.######.
#.# #$# #.# #.#
..#


You could see Grinder and an endoplasm.

Vanquished Creatures
  Jessica (D:3)
  Terence (D:2)
  Robin (D:2)
  An adder (D:3)
  A worm (D:3)
  3 dart slugs
  3 bats (D:1)
  3 endoplasms
  2 giant cockroaches
  15 hobgoblins
  6 jackals (D:2)
  3 quokkas
  7 ball pythons
  A frilled lizard (D:2)
  6 goblins
  6 kobolds
  6 rats
66 creatures vanquished.

Notes
Turn   | Place    | Note
-------+----------+-------------------------------------------
     0 | D:1      | qw the Gargoyle Hunter began the quest for the Orb.
     0 | D:1      | Reached XP level 1. HP: 12/12 MP: 1/1
     0 | D:1      | 0 ||| qw: Version: 0.2-a-29-g1fa15c8
     0 | D:1      | 0 ||| qw: Game counter: 4947
     0 | D:1      | 0 ||| qw: Always use a shield: true
     0 | D:1      | 0 ||| qw: God list: Okawaru
     0 | D:1      | 0 ||| qw: Allow faded altars: false
     0 | D:1      | 0 ||| qw: Do Orc after D:15 true
     0 | D:1      | 0 ||| qw: Do second Lair branch before Depths: true
     0 | D:1      | 0 ||| qw: Lair rune preference: random
     0 | D:1      | 0 ||| qw: Plans: Normal, Zot:1-4, Slime:5, God:TSO, Crypt,
                  | Tomb, Abyss, Pan, Hells, Win
     0 | D:1      | 0 ||| PLANNING D:1-11
    85 | D:1      | Reached XP level 2. HP: 17/17 MP: 2/2
   304 | D:1      | 304 ||| FLEEEEING.
   341 | D:1      | Reached XP level 3. HP: 21/21 MP: 3/3
   347 | D:1      | Reached skill level 5 in Ranged Weapons
   774 | D:1      | 774 ||| UPGRADING to +0 pair of boots.
   779 | D:1      | 779 ||| UPGRADING to +0 ring mail.
   789 | D:1      | 789 ||| DROPPING +0 leather armour.
   790 | D:1      | 790 ||| UPGRADING to +4 ring of protection.
   791 | D:1      | 791 ||| READING 2 scrolls labelled VAKOTZA BOEHE.
   792 | D:1      | 792 ||| READING scroll labelled WEZOMU IJEIRR.
   795 | D:1      | 795 ||| DRINKING 2 bubbling grey potions.
   796 | D:1      | 796 ||| DROPPING scroll of butterflies.
   879 | D:2      | Reached skill level 1 in Armour
   885 | D:2      | Found a glowing golden altar of the Shining One.
   954 | D:2      | Noticed Terence
   974 | D:2      | Killed Terence
   975 | D:2      | Reached skill level 3 in Fighting
   975 | D:2      | Reached XP level 4. HP: 23/28 MP: 4/4
  1036 | D:2      | Noticed Robin
  1054 | D:2      | HP: 6/28 [goblin/+0 dagger[Robin] (4)]
  1055 | D:2      | 1055 ||| DRINKING potion of heal wounds.
  1063 | D:2      | Killed Robin
  1064 | D:2      | 1064 ||| FLEEEEING.
  1065 | D:2      | 1065 ||| FLEEEEING.
  1066 | D:2      | 1066 ||| FLEEEEING.
  1067 | D:2      | 1067 ||| FLEEEEING.
  1068 | D:2      | 1068 ||| FLEEEEING.
  1069 | D:2      | 1069 ||| FLEEEEING.
  1070 | D:2      | 1070 ||| FLEEEEING.
  1071 | D:2      | 1071 ||| FLEEEEING.
  1072 | D:2      | 1072 ||| FLEEEEING.
  1073 | D:2      | 1073 ||| FLEEEEING.
  1074 | D:2      | 1074 ||| FLEEEEING.
  1075 | D:2      | 1075 ||| FLEEEEING.
  1076 | D:2      | 1076 ||| FLEEEEING.
  1077 | D:2      | 1077 ||| FLEEEEING.
  1078 | D:2      | 1078 ||| FLEEEEING.
  1079 | D:2      | 1079 ||| FLEEEEING.
  1080 | D:2      | 1080 ||| FLEEEEING.
  1081 | D:2      | 1081 ||| FLEEEEING.
  1082 | D:2      | 1082 ||| FLEEEEING.
  1083 | D:2      | 1083 ||| FLEEEEING.
  1084 | D:2      | 1084 ||| FLEEEEING.
  1085 | D:2      | 1085 ||| FLEEEEING.
  1086 | D:2      | 1086 ||| FLEEEEING.
  1087 | D:2      | 1087 ||| FLEEEEING.
  1088 | D:2      | 1088 ||| FLEEEEING.
  1089 | D:2      | 1089 ||| FLEEEEING.
  1090 | D:2      | 1090 ||| FLEEEEING.
  1091 | D:2      | 1091 ||| FLEEEEING.
  1092 | D:2      | 1092 ||| FLEEEEING.
  1093 | D:2      | 1093 ||| FLEEEEING.
  1094 | D:2      | 1094 ||| FLEEEEING.
  1095 | D:2      | 1095 ||| FLEEEEING.
  1096 | D:2      | 1096 ||| FLEEEEING.
  1097 | D:2      | 1097 ||| FLEEEEING.
  1098 | D:2      | 1098 ||| FLEEEEING.
  1099 | D:2      | 1099 ||| FLEEEEING.
  1100 | D:2      | 1100 ||| FLEEEEING.
  1101 | D:2      | 1101 ||| FLEEEEING.
  1102 | D:2      | 1102 ||| STAIRDANCE
  1115 | D:1      | 1115 ||| READING scroll labelled CEXIEXTASO.
  1608 | D:2      | 1608 ||| UPGRADING to +0 helmet.
  1613 | D:2      | 1613 ||| DROPPING ring of magical power.
  1614 | D:2      | 1614 ||| READING scroll labelled IDOSAS QUSM.
  1615 | D:2      | 1615 ||| READING scroll labelled FOSMINO JENIMP.
  1645 | D:3      | Noticed Jessica
  1653 | D:3      | Killed Jessica
  1654 | D:3      | Reached XP level 5. HP: 26/32 MP: 5/5
  1701 | D:3      | Noticed Grinder
  1715 | D:3      | HP: 6/32 [Grinder (5)]
  1719 | D:3      | HP: 1/32 [frozen (2)]
  1722 | D:3      | Slain by Grinder

Levels and vault maps discovered:
D:1:      minmay_arrival_wavy_path, layout_basic,
          corexii_item_surrounded_by_moat, minmay_misc_feat_tower,
          minmay_heptomino_o4
D:2:      layout_basic, serial_forest, infiniplex_forest_straight_4,
          infiniplex_forest_lined_room_2, infiniplex_forest_clump_curved,
          infiniplex_forest_straight_1, infiniplex_forest_end_2, basic_altar,
          feat_on_display, uniq_robin, uniq_terence
D:3:      layout_loops_ring, uniq_crazy_yiuf_cottage, uniq_jessica, uniq_grinder

Skill      XL: |  1  2  3 |
---------------+----------+-----
Ranged Weapons | 5 |  5.8
Armour         | 1 |  1.0
Fighting       | 3 |  3.4
Dodging        | |  1.5
Stealth        | |  1.1

Action                     |  1- 3 |  4- 6 || total
---------------------------+-------+-------++-------
  Melee: Unarmed           |       |    13 ||    13
   Fire: Shortbow          |   151 |    98 ||   249
    Use: Scroll            |     2 |     3 ||     5
         Potion            |     1 |     1 ||     2
 Armour: Leather armour    |    21 |       ||    21
         Ring mail         |    23 |    45 ||    68
  Dodge: Dodged            |    57 |    70 ||   127

Table legend:
 A = Non-vault XP
 B = Vault XP
 C = Vault XP percentage of total XP
 D = Non-vault monster count
 E = Vault monster count
 F = Vault count percentage of total count
                 A         B        C        D         E       F
            +---------+---------+-------+---------+---------+-------
      Total |     110 |     108 |  49.5 |      53 |      13 |  19.7
            +---------+---------+-------+---------+---------+-------
        D:1 |      46 |       6 |  11.5 |      26 |       3 |  10.3
        D:2 |      41 |      65 |  61.3 |      22 |       9 |  29.0
        D:3 |      23 |      37 |  61.7 |       5 |       1 |  16.7
            +---------+---------+-------+---------+---------+-------
